 Dungeon Crawl Stone Soup version 0.25.1-2-g60ff931df9 (webtiles) character file.

Game seed: 6335828730534218166

10392 Curus the Cruncher (level 11, 0/92 HPs)
             Began as a Minotaur Gladiator on Aug 26, 2020.
             Was a Believer of Lugonu.
             Succumbed to a killer bee's poison
             ... on level 2 of the Lair of Beasts.
             The game lasted 00:48:50 (11665 turns).

Curus the Cruncher (Minotaur Gladiator)            Turns: 11665, Time: 00:48:51

Health: 0/92       AC:  5    Str: 18    XL:     11   Next: 35%
Magic:  12/16      EV: 15    Int: 13    God:    Lugonu [**....]
Gold:   456        SH:  0    Dex: 14    Spells: 10/10 levels left

rFire    . . .     SeeInvis .   u - +0 quarterstaff (drain)
rCold    . . .     Gourm    .   (shield currently unavailable)
rNeg     . . .     Faith    .   r - +0 ring mail
rPois    .         Spirit   .   c - +0 hat
rElec    .         Reflect  .   (no cloak)
rCorr    .         Harm     .   (no gloves)
MR       +....                  (no boots)
Stlth    +.........             e - amulet of the acrobat
HPRegen  0.25/turn              g - +6 ring of intelligence
MPRegen  0.15/turn              p - ring of protection from magic

@: lethally poisoned (0 -> -4), about to teleport
A: retaliatory headbutt, horns 2
a: Depart the Abyss, Bend Space, Renounce Religion


You were on level 2 of the Lair of Beasts.
You worshipped Lugonu.
Lugonu was pleased with you.
You were not hungry.

You visited 3 branches of the dungeon, and saw 11 of its levels.

You collected 456 gold pieces.

Inventory:

Hand Weapons
 a - a +2 quarterstaff
 j - a +2 morningstar of holy wrath
 u - a +0 quarterstaff of draining (weapon)
Missiles
 d - 5 throwing nets (quivered)
Armour
 b - a +0 leather armour
 c - a +0 hat (worn)
 r - a +0 ring mail (worn)
 s - cursed -2 acid dragon scales
Jewellery
 e - an amulet of the acrobat (around neck)
 g - a +6 ring of intelligence (left hand)
 k - an uncursed ring of ice
 l - an uncursed ring of wizardry
 p - a ring of protection from magic (right hand)
 x - an uncursed ring of attention
Wands
 q - a wand of iceblast (13)
 y - a wand of digging (8)
Scrolls
 i - 3 scrolls of remove curse
 m - 3 scrolls of amnesia
 o - 4 scrolls of identify
Potions
 h - 5 potions of brilliance
 v - a potion of degeneration
Comestibles
 f - 14 rations


   Skills:
 - Level 7.3 Fighting
 - Level 14.4 Staves
 - Level 2.0 Throwing
 - Level 7.1 Dodging
 * Level 8.4 Invocations
 + Level 5.2 Evocations


You had 10 spell levels left.
You didn't know any spells.
Your spell library was empty.

Dungeon Overview and Level Annotations

Branches:
Dungeon (8/15)             Temple (1/1) D:7            Lair (2/6) D:8
  Swamp: Lair:2-4    Shoals: Lair:2-4     Snake: Lair:2-4    Spider: Lair:2-4

Altars:
Ashenzari
Cheibriados
Dithmenos
Elyvilon
Fedhas
Gozag
Hepliaklqana
Kikubaaqudgha
Makhleb
Nemelex Xobeh
Ru
Sif Muna
Uskayaw
Vehumet
Wu Jian
Xom
Yredelemnul
Lugonu

Annotations:
D:7 1 runed translucent door, DerDa's ghost, novice OpFE


Innate Abilities, Weirdness & Mutations

You reflexively headbutt those who attack you in melee.
You have a pair of horns on your head.


Message History

Press: ? - help, Shift-Dir - straight line, f - killer bee
Aim: a killer bee (chance to defeat MR: 90%)
The killer bee barely resists.
You feel somewhat more hungry.
You can no longer banish your foes.
As you read the scroll of teleportation, it crumbles to dust.
You feel strangely unstable.
You barely miss the killer bee. Your headbutt misses the killer bee.
The killer bee stings you but does no damage.
You miss the killer bee.
The killer bee stings you but does no damage. x2
You closely miss the killer bee. The killer bee stings you.
* * * LOW HITPOINT WARNING * * *
You are lethally poisoned!
The killer bee poisons you!
Okay, then.
Unknown command.
Unknown command.
You hit the killer bee but do no damage.
Your headbutt misses the killer bee.
You die...

.P...#.##.###.#.#.##
#############.#####
# #P.### # ##...# #
# #P.P#### P
#.###...##.##### #
...............### P
......###.⌠......# .
...###....@........
. ## #....y#...##...
####.........#
#...........##
#..#..#.##...#
##...#..#.##
#...†#†...#
#...#.#†#..## #.##
#.#y#..#


You could see a killer bee.

Vanquished Creatures
  A hydra (Lair:2)
  An elephant (D:8)
  Maggie (D:6)
  5 spiny frogs
  A komodo dragon (Lair:2)
  A rime drake (Lair:1)
  A hippogriff (Lair:2)
  Sigmund (D:3)
  A wyvern (Lair:2)
  5 yaks
  Eustachio (D:6)
  3 basilisks
  A hungry ghost (D:8)
  5 water moccasins
  2 black bears
  An orc warrior (D:7)
  3 sky beasts
  2 phantoms (D:6)
  2 ice beasts (D:5)
  7 wolves
  5 ogres
  4 crocodiles
  2 big kobolds
  8 bullfrogs
  2 scorpions
  11 killer bees (Lair:2)
  2 howler monkeys (D:6)
  An electric eel (D:6)
  A centaur zombie (D:8)
  4 crimson imps
  2 hounds
  A jelly (D:5)
  A gnoll shaman (D:8)
  5 orc priests
  9 orc wizards
  A bullfrog skeleton (D:5)
  2 iguanas
  Terence (D:3)
  8 worker ants
  A hound zombie (D:7)
  A hound skeleton (D:5)
  A worker ant zombie (D:5)
  3 gnolls (D:8)
  A howler monkey skeleton (D:8)
  8 adders
  A river rat (Lair:2)
  2 oozes
  An adder skeleton (D:4)
  A worm (D:3)
  2 dart slugs
  4 leopard geckos
  25 orcs
  6 giant cockroaches
  8 hobgoblins
  5 jackals
  14 kobolds
  2 quokkas
  A ball python (D:2)
  A ball python zombie (D:6)
  7 bats
  5 frilled lizards
  6 goblins
  A jackal skeleton (D:7)
  A leopard gecko skeleton (D:5)
  7 rats
230 creatures vanquished.

Vanquished Creatures (others)
  A killer bee (Lair:2)
  A fungus (Lair:2)
  4 plants (Lair:2)
6 creatures vanquished.

Grand Total: 236 creatures vanquished

Notes
Turn   | Place    | Note
-------+----------+-------------------------------------------
     0 | D:1      | Curus the Minotaur Gladiator began the quest for the Orb.
     0 | D:1      | Reached XP level 1. HP: 18/18 MP: 0/0
   225 | D:1      | Reached skill level 4 in Staves
   355 | D:1      | Reached XP level 2. HP: 25/25 MP: 1/1
  1225 | D:2      | Reached skill level 5 in Staves
  1225 | D:2      | Reached XP level 3. HP: 27/30 MP: 2/2
  2050 | D:2      | Reached skill level 6 in Staves
  2050 | D:2      | Reached XP level 4. HP: 37/37 MP: 3/3
  2213 | D:3      | Noticed Terence
  2222 | D:3      | Killed Terence
  2273 | D:3      | Noticed Sigmund
  2425 | D:3      | Killed Sigmund
  2425 | D:3      | Reached skill level 8 in Staves
  2425 | D:3      | Reached XP level 5. HP: 36/42 MP: 4/4
  2654 | D:3      | Found an opulent altar of Gozag.
  3031 | D:4      | Reached XP level 6. HP: 50/50 MP: 5/5
  3248 | D:4      | Found a hide-covered altar of Uskayaw.
  3248 | D:4      | Noticed a +0 dagger
  3248 | D:4      | Noticed a +0 hand axe
  3282 | D:4      | Found a radiant altar of Vehumet.
  3501 | D:4      | Reached skill level 9 in Staves
  3813 | D:4      | Found an ornate altar of the Wu Jian Council.
  4102 | D:5      | Entered Level 5 of the Dungeon
  4220 | D:5      | Found a hazy altar of Hepliaklqana.
  4265 | D:5      | Noticed an ice beast
  4271 | D:5      | Killed an ice beast
  4271 | D:5      | Reached XP level 7. HP: 56/56 MP: 6/6
  4292 | D:5      | Reached skill level 10 in Staves
  4475 | D:5      | Found a sacrificial altar of Ru.
  5069 | D:5      | Reached skill level 11 in Staves
  5367 | D:5      | Reached XP level 8. HP: 56/62 MP: 7/7
  6044 | D:6      | Reached skill level 12 in Staves
  6475 | D:6      | Noticed Maggie
  6505 | D:6      | Killed Maggie
  6505 | D:6      | Reached skill level 13 in Staves
  6634 | D:6      | Found a blossoming altar of Fedhas.
  6638 | D:6      | Found a shattered altar of Ashenzari.
  6778 | D:6      | Reached XP level 9. HP: 28/68 MP: 8/8
  7001 | D:6      | Noticed Eustachio
  7004 | D:6      | Reached skill level 14 in Staves
  7024 | D:6      | Killed Eustachio
  7205 | D:6      | Found a white marble altar of Elyvilon.
  7790 | D:7      | Found a staircase to the Ecumenical Temple.
  7807 | Temple   | Entered the Ecumenical Temple
  7818 | Temple   | Became a worshipper of Lugonu the Unformed
  7818 | Temple   | Reached * piety under Lugonu
  7959 | D:7      | Found a snail-covered altar of Cheibriados.
  8083 | D:7      | Found a runed translucent door.
  8083 | D:7      | Noticed DerDa's ghost (novice OpFE)
  8110 | D:7      | Found a shadowy altar of Dithmenos.
  8139 | D:7      | Reached skill level 5 in Dodging
  8152 | D:7      | Reached skill level 5 in Fighting
  8679 | D:8      | Found an ancient bone altar of Kikubaaqudgha.
  8862 | D:8      | Found a staircase to the Lair.
  8873 | D:8      | Noticed an elephant
  8874 | D:8      | Reached XP level 10. HP: 72/84 MP: 9/9
  8891 | D:8      | Reached ** piety under Lugonu
  8902 | D:8      | Killed an elephant
  9181 | Lair:1   | Entered Level 1 of the Lair of Beasts
  9200 | Lair:1   | Reached skill level 1 in Invocations
  9210 | Lair:1   | Reached skill level 1 in Evocations
  9421 | Lair:1   | Noticed a spiny frog
  9427 | Lair:1   | Killed a spiny frog
 10043 | Lair:1   | Reached skill level 5 in Invocations
 10319 | Lair:1   | Noticed a spiny frog
 10330 | Lair:1   | Killed a spiny frog
 10574 | Lair:1   | Noticed a spiny frog
 10584 | Lair:1   | Killed a spiny frog
 11057 | Lair:2   | Noticed an eight-headed hydra
 11063 | Lair:2   | Killed an eight-headed hydra
 11063 | Lair:2   | Reached XP level 11. HP: 53/92 MP: 13/15
 11539 | Lair:2   | Reached skill level 5 in Evocations
 11585 | Lair:2   | Reached *** piety under Lugonu
 11591 | Lair:2   | HP: 1/92 [killer bee (7)]
 11664 | Lair:2   | HP: 1/92 [killer bee (6)]
 11665 | Lair:2   | Succumbed to a killer bee's poison

Illustrated notes

Levels and vault maps discovered:
D:1:      dpeg_arrival_solitude, layout_basic
D:2:      minmay_general_purpose_star, layout_basic
D:3:      layout_loops_ring, nicolae_overflow_crystal_walls, uniq_sigmund,
          uniq_terence
D:4:      layout_gridville, dancing_weapons_uskayaw, lemuel_doored_altar,
          kennysheep_mini_moat, first_ration
D:5:      layout_loops_corners, nicolae_overflow_hidden_temple,
          lemuel_round_altar, kennysheep_generic_room_9
D:6:      layout_gridville, kennysheep_little_box,
          lemuel_coloured_pillars_altar, lemuel_crystal_altar, minivault_19,
          water_boxes_lemuel, uniq_maggie, uniq_eustachio
D:7:      layout_rooms, marbit_many_paths, nicolae_dithmenos_the_darkroom,
          temple_pool_b, hellmonk_ghost_happy_afterlife, grunt_ogre_cave,
          nicolae_water_bricks
D:8:      layout_loops_ring, grunt_temple_overflow_bloody_war,
          old_standard_altar, david_lair_generic
Temple:   corrupted_temple
Lair:1:   layout_chaotic_city
Lair:2:   regret_index_wax_grids, layout_loops_ring, palyth_hydra_swamp_entry

Skill      XL: |  1  2  3  4  5  6  7  8  9 10 11 |
---------------+----------------------------------+-----
Staves         | 4 5 6 8 9 11 13 14 | 14.4
Fighting       | 6 7 |  7.3
Dodging        | 6 7 |  7.1
Invocations    | 6 8 |  8.4
Evocations     | 4 5 |  5.2
Throwing       | |  2.0

Action                   |  1- 3 |  4- 6 |  7- 9 | 10-12 || total
-------------------------+-------+-------+-------+-------++-------
Melee: Quarterstaff      |    64 |    81 |   347 |   256 ||   748
       Headbutt          |    12 |    17 |    60 |    40 ||   129
Invok: Banish            |       |       |       |     2 ||     2
  Use: Scroll            |     5 |     3 |     2 |     3 ||    13
       Potion            |     3 |     4 |     4 |     5 ||    16
 Stab: Sleeping          |       |     1 |       |       ||     1
  Eat: Chunk             |     3 |     4 |    15 |     3 ||    25
       Ration            |       |     1 |       |     2 ||     3
Armor: Leather armour    |     6 |     4 |     8 |       ||    18
       Ring mail         |       |       |    27 |    23 ||    50
Dodge: Dodged            |    47 |    56 |   163 |   157 ||   423
